| TOP OF THE 1ST |
|
Bowling Green Hot Rods batting - Pitching for Clinton LumberKings : RHP Trevor Jacobsen
|
|
Pitching: RHP Trevor Jacobsen
|
|
|
Now at 1B: Josh Mauer
|
|
|
Now in CF: Jose Castillo
|
|
|
Batting: RHB Jonathan Fraire
|
0-0: Called Strike 0-1: Ball 1-1: Foul Ball, location: 2F 1-2: Foul Ball, location: 2F 1-2: Ball 2-2: Strikes out looking
|
|
Batting: LHB Jake Rheaume
|
0-0: Ball 1-0: Foul Ball, location: 2F 1-1: Ball 2-1: Swinging Strike 2-2: Strikes out swinging
|
|
Batting: RHB Adam Kaeser
|
0-0: SINGLE (Line Drive, 78M, EV 95.6 MPH)
|
|
Batting: LHB Mario Ocana
|
0-0: Called Strike 0-1: Fly out, F8 (Line Drive, 8RM, EV 91.2 MPH)
|
| Top of the 1st over - 0 runs, 1 hit, 0 errors, 1 left on base; Bowling Green 0 - Clinton 0 |
| BOTTOM OF THE 1ST |
|
Clinton LumberKings batting - Pitching for Bowling Green Hot Rods : RHP Eric Smith
|
|
Pitching: RHP Eric Smith
|
|
|
Batting: RHB Rick Ellis
|
0-0: Ball 1-0: Ball 2-0: Ball 3-0: Base on Balls
|
|
Batting: SHB Jose Castillo
|
0-0: Called Strike 0-1: Ball 1-1: Fielders Choice at 2nd, 5-4 (Groundball, 56, EV 89.4 MPH)
|
|
Batting: LHB Jason Hopkins
|
0-0: Foul Ball, location: 2F 0-1: Ball 1-1: Ball 2-1: Foul Ball, location: 2F 2-2: Foul Ball, location: 2F 2-2: Strikes out looking
|
|
Batting: RHB Josh Ruhl
|
0-0: Called Strike Jose Castillo steals 2nd base 0-1: Ball 1-1: Ball 2-1: Fly out, F7 (Flyball, 78M, EV 95.0 MPH)
|
| Bottom of the 1st over - 0 runs, 0 hits, 0 errors, 1 left on base; Bowling Green 0 - Clinton 0 |
| TOP OF THE 2ND |
|
Bowling Green Hot Rods batting - Pitching for Clinton LumberKings : RHP Trevor Jacobsen
|
|
Batting: RHB David Ward
|
0-0: Ball 1-0: Ball 2-0: Ball 3-0: Base on Balls
|
|
Batting: LHB Jimmy Detrie
|
0-0: Called Strike 0-1: Ball 1-1: Ball 2-1: Ball 3-1: Base on Balls David Ward to second
|
|
Batting: RHB Steve Byerly
|
0-0: Ball 1-0: Fly out, F8 (Flyball, 89D, EV 101.9 MPH) Runner from 2nd tags up, SAFE at 3rd, no throw by CF
|
|
Batting: RHB Kevin Benfield
|
0-0: Ball Wild Pitch! David Ward scores Jimmy Detrie to second 1-0: Swinging Strike 1-1: Ball 2-1: Foul Ball, location: 2F 2-2: Ball 3-2: Strikes out looking
|
|
Batting: RHB Eric Waugaman
|
0-0: Called Strike 0-1: Foul Ball, location: 2F 0-2: Ball 1-2: Strikes out swinging
|
| Top of the 2nd over - 1 run, 0 hits, 0 errors, 1 left on base; Bowling Green 1 - Clinton 0 |
| BOTTOM OF THE 2ND |
|
Clinton LumberKings batting - Pitching for Bowling Green Hot Rods : RHP Eric Smith
|
|
Batting: LHB Jawad Fahad
|
0-0: Foul Ball, location: 2F 0-1: Foul Ball, location: 2F 0-2: Foul Ball, location: 2F 0-2: Strikes out swinging
|
|
Batting: LHB William Warren
|
0-0: Ball 1-0: Foul Ball, location: 2F 1-1: Swinging Strike 1-2: Foul Ball, location: 2F 1-2: Fly out, F7 (Line Drive, 7D, EV 92.5 MPH)
|
|
Batting: RHB Josh Mauer
|
0-0: Ball 1-0: Ball 2-0: Fly out, F6 (Line Drive, 6, EV 71.2 MPH)
|
| Bottom of the 2nd over - 0 runs, 0 hits, 0 errors, 0 left on base; Bowling Green 1 - Clinton 0 |
| TOP OF THE 3RD |
|
Bowling Green Hot Rods batting - Pitching for Clinton LumberKings : RHP Trevor Jacobsen
|
|
Batting: RHB Jonathan Fraire
|
0-0: Ball 1-0: Ground out 1-3 (Groundball, P, EV 69.4 MPH)
|
|
Batting: LHB Jake Rheaume
|
0-0: Ball 1-0: Ball 2-0: Ball 3-0: Base on Balls
|
|
Batting: RHB Adam Kaeser
|
0-0: Ball 1-0: Ball 2-0: Called Strike 2-1: Called Strike 2-2: Strikes out swinging
|
|
Batting: LHB Mario Ocana
|
0-0: Called Strike 0-1: Ball 1-1: Called Strike 1-2: Ball 2-2: Foul Ball, location: 2F 2-2: Foul Ball, location: 2F 2-2: DOUBLE (Flyball, 89XD, EV 94.4 MPH) Jake Rheaume to third Runner from 3rd tries for Home, SAFE, throw by RF to trailing runner, SAFE at third!
|
|
Batting: RHB David Ward
|
0-0: Ball 1-0: Called Strike 1-1: Ball 2-1: Ball 3-1: Base on Balls
|
|
Batting: LHB Jimmy Detrie
|
0-0: SINGLE (Line Drive, 56D, EV 103.8 MPH) Mario Ocana scores David Ward to second
|
|
Batting: RHB Steve Byerly
|
0-0: Ball 1-0: Ball 2-0: Called Strike 2-1: Swinging Strike 2-2: Ball 3-2: Reached on error, E4 (Groundball, 4, EV 105.6 MPH) David Ward to third Jimmy Detrie to second
|
|
Batting: RHB Kevin Benfield
|
0-0: Swinging Strike 0-1: Ball 1-1: Called Strike 1-2: DOUBLE (Groundball, 3L, EV 101.9 MPH) David Ward scores Jimmy Detrie scores Steve Byerly to third Runner from 3rd tries for Home, SAFE, throw by RF to trailing runner, SAFE at third!
|
|
Batting: RHB Eric Waugaman
|
0-0: Foul Ball, location: 2F 0-1: Ball 1-1: DOUBLE (Groundball, 5L, EV 104.4 MPH) Kevin Benfield scores
|
|
Pitching: RHP Mike Bator
|
|
|
Batting: RHB Jonathan Fraire
|
0-0: Ground out 6-3 (Groundball, 6, EV 100.0 MPH)
|
| Top of the 3rd over - 6 runs, 4 hits, 1 error, 1 left on base; Bowling Green 7 - Clinton 0 |
| BOTTOM OF THE 3RD |
|
Clinton LumberKings batting - Pitching for Bowling Green Hot Rods : RHP Eric Smith
|
|
Batting: LHB Brian Butler
|
0-0: Ball 1-0: Ball 2-0: Swinging Strike 2-1: Foul Ball, location: 2F 2-2: Fly out, F9 (Line Drive, 89M, EV 88.8 MPH)
|
|
Batting: LHB Leão Alvide
|
0-0: Ground out 4-3 (Groundball, 4, EV 104.4 MPH)
|
|
Batting: RHB Rick Ellis
|
0-0: Called Strike 0-1: Called Strike 0-2: Ball 1-2: Strikes out swinging
|
| Bottom of the 3rd over - 0 runs, 0 hits, 0 errors, 0 left on base; Bowling Green 7 - Clinton 0 |
| TOP OF THE 4TH |
|
Bowling Green Hot Rods batting - Pitching for Clinton LumberKings : RHP Mike Bator
|
|
Batting: LHB Jake Rheaume
|
0-0: Fly out, F7 (Line Drive, 7, EV 90.0 MPH)
|
|
Batting: RHB Adam Kaeser
|
0-0: Ball 1-0: Swinging Strike 1-1: Called Strike 1-2: Foul Ball, location: 2F 1-2: Ball 2-2: Strikes out swinging
|
|
Batting: LHB Mario Ocana
|
0-0: Ball 1-0: Ball 2-0: Ball 3-0: Called Strike 3-1: Base on Balls
|
|
Batting: RHB David Ward
|
0-0: Ball 1-0: Swinging Strike 1-1: Foul Ball, location: 2F 1-2: Fly out, F8 (Flyball, 8RXD, EV 90.6 MPH)
|
| Top of the 4th over - 0 runs, 0 hits, 0 errors, 1 left on base; Bowling Green 7 - Clinton 0 |
| BOTTOM OF THE 4TH |
|
Clinton LumberKings batting - Pitching for Bowling Green Hot Rods : RHP Eric Smith
|
|
Batting: SHB Jose Castillo
|
0-0: Ball 1-0: Ball 2-0: Called Strike 2-1: Foul Ball, location: 2F 2-2: Foul Ball, location: 2F 2-2: Ground out 5-3 (Groundball, 15, EV 86.9 MPH)
|
|
Batting: LHB Jason Hopkins
|
0-0: Called Strike 0-1: Foul Ball, location: 2F 0-2: Ball 1-2: Ball 2-2: Ball 3-2: Fly out, F8 (Line Drive, 8RM, EV 95.6 MPH)
|
|
Batting: RHB Josh Ruhl
|
0-0: Ball 1-0: Ball 2-0: Fly out, F3 (Popup, 34, EV 68.8 MPH)
|
| Bottom of the 4th over - 0 runs, 0 hits, 0 errors, 0 left on base; Bowling Green 7 - Clinton 0 |
| TOP OF THE 5TH |
|
Bowling Green Hot Rods batting - Pitching for Clinton LumberKings : RHP Mike Bator
|
|
Batting: LHB Jimmy Detrie
|
0-0: Called Strike 0-1: Ball 1-1: Ground out 6-3 (Groundball, 6, EV 104.4 MPH)
|
|
Batting: RHB Steve Byerly
|
0-0: Ball 1-0: Foul Ball, location: 2F 1-1: Called Strike 1-2: Foul Ball, location: 2F 1-2: Fly out, F9 (Flyball, 9, EV 89.4 MPH)
|
|
Batting: RHB Kevin Benfield
|
0-0: Ball 1-0: Called Strike 1-1: Ball 2-1: Foul Ball, location: 2F 2-2: Foul Ball, location: 2F 2-2: Foul Ball, location: 2F 2-2: Ball 3-2: DOUBLE (Line Drive, 78D, EV 107.5 MPH)
|
|
Batting: RHB Eric Waugaman
|
0-0: Ball 1-0: Ball 2-0: Ball 3-0: Called Strike 3-1: Fly out, F9 (Flyball, 89S, EV 83.1 MPH)
|
| Top of the 5th over - 0 runs, 1 hit, 0 errors, 1 left on base; Bowling Green 7 - Clinton 0 |
| BOTTOM OF THE 5TH |
|
Clinton LumberKings batting - Pitching for Bowling Green Hot Rods : RHP Eric Smith
|
|
Batting: LHB Jawad Fahad
|
0-0: Ball 1-0: Ball 2-0: Called Strike 2-1: Called Strike 2-2: Ball 3-2: Strikes out looking
|
|
Batting: LHB William Warren
|
0-0: Ball 1-0: Ball 2-0: SOLO HOME RUN (Line Drive, 9LD, EV 90.6 MPH), Distance : 346 ft
|
|
Batting: RHB Josh Mauer
|
0-0: Called Strike 0-1: Swinging Strike 0-2: Fly out, F3 (Flyball, 3D, EV 93.1 MPH)
|
|
Batting: LHB Brian Butler
|
0-0: Ball 1-0: Ball 2-0: Swinging Strike 2-1: Foul Ball, location: 2F 2-2: Fly out, F9 (Flyball, 9, EV 84.4 MPH)
|
| Bottom of the 5th over - 1 run, 1 hit, 0 errors, 0 left on base; Bowling Green 7 - Clinton 1 |
| TOP OF THE 6TH |
|
Bowling Green Hot Rods batting - Pitching for Clinton LumberKings : RHP Mike Bator
|
|
Batting: RHB Jonathan Fraire
|
0-0: Ball 1-0: Called Strike 1-1: Fly out, F8 (Flyball, 8LD, EV 89.4 MPH)
|
|
Batting: LHB Jake Rheaume
|
0-0: Called Strike 0-1: Foul Ball, location: 2F 0-2: Ball 1-2: Ball 2-2: Strikes out swinging
|
|
Batting: RHB Adam Kaeser
|
0-0: Ball 1-0: Called Strike 1-1: Ball 2-1: Ball 3-1: Base on Balls
|
|
Batting: LHB Mario Ocana
|
0-0: SINGLE (Groundball, 6MD, EV 98.1 MPH) Adam Kaeser to second
|
|
Batting: RHB David Ward
|
0-0: Ball 1-0: Foul Ball, location: 2F 1-1: Foul Ball, location: 2F 1-2: Foul Ball, location: 2F 1-2: SINGLE (Groundball, 56D, EV 100.0 MPH) Adam Kaeser to third Mario Ocana to second Runner from 3rd tries for Home, SAFE, throw by LF to home Mario Ocana to third David Ward to second
|
|
Batting: LHB Jimmy Detrie
|
0-0: Ball 1-0: SINGLE (Groundball, 6S, EV 66.2 MPH) (infield hit) Mario Ocana scores David Ward to third
|
|
Batting: RHB Steve Byerly
|
0-0: Called Strike 0-1: Ball 1-1: SINGLE (Groundball, 6MD, EV 96.2 MPH) David Ward scores Jimmy Detrie to second
|
|
Batting: RHB Kevin Benfield
|
0-0: Called Strike 0-1: Ball 1-1: Ball 2-1: Ball 3-1: Base on Balls Jimmy Detrie to third Steve Byerly to second
|
|
Pitching: LHP Rentaro Minami
|
|
|
Batting: RHB Eric Waugaman
|
0-0: Swinging Strike 0-1: Ball 1-1: Ball 2-1: Called Strike 2-2: Ball 3-2: Base on Balls Jimmy Detrie scores Steve Byerly to third Kevin Benfield to second
|
|
Batting: RHB Jonathan Fraire
|
0-0: Ball 1-0: Ball 2-0: Called Strike 2-1: Swinging Strike 2-2: Strikes out swinging
|
| Top of the 6th over - 4 runs, 4 hits, 0 errors, 3 left on base; Bowling Green 11 - Clinton 1 |
| BOTTOM OF THE 6TH |
|
Clinton LumberKings batting - Pitching for Bowling Green Hot Rods : RHP Eric Smith
|
|
Batting: LHB Leão Alvide
|
0-0: Ball 1-0: Ball 2-0: Called Strike 2-1: Foul Ball, location: 2F 2-2: Ground out 4-3 (Groundball, 34D, EV 102.5 MPH)
|
|
Batting: RHB Rick Ellis
|
0-0: Called Strike 0-1: Ball 1-1: Foul Ball, location: 2F 1-2: Ball 2-2: Strikes out swinging
|
|
Batting: SHB Jose Castillo
|
0-0: Ball 1-0: Ball 2-0: Fly out, F7 (Flyball, 78D, EV 101.2 MPH)
|
| Bottom of the 6th over - 0 runs, 0 hits, 0 errors, 0 left on base; Bowling Green 11 - Clinton 1 |
| TOP OF THE 7TH |
|
Bowling Green Hot Rods batting - Pitching for Clinton LumberKings : LHP Rentaro Minami
|
|
Batting: LHB Jake Rheaume
|
0-0: Foul Ball, location: 2F 0-1: Ball 1-1: Foul Ball, location: 2F 1-2: SINGLE (Groundball, 56, EV 105.6 MPH) (infield hit)
|
|
Batting: RHB Adam Kaeser
|
0-0: Ball 1-0: Ball 2-0: Ball 3-0: Base on Balls Jake Rheaume to second
|
|
Batting: LHB Mario Ocana
|
0-0: Ball 1-0: Called Strike 1-1: Reached on error, E5 (Groundball, 5, EV 78.1 MPH) Jake Rheaume to third Adam Kaeser to second
|
|
Batting: RHB David Ward
|
0-0: Foul Ball, location: 2F 0-1: Ball 1-1: Called Strike 1-2: Ball 2-2: Fly out, F6 (Line Drive, 6, EV 71.2 MPH)
|
|
Pitching: LHP Justin Neikirk
|
|
|
Batting: LHB Jimmy Detrie
|
0-0: Called Strike 0-1: Ball 1-1: Ball 2-1: Swinging Strike 2-2: SINGLE (Groundball, 56D, EV 111.9 MPH) Jake Rheaume scores Adam Kaeser to third Mario Ocana to second
|
|
Batting: RHB Steve Byerly
|
0-0: Called Strike 0-1: Ball 1-1: Ball 2-1: Swinging Strike 2-2: Foul Ball, location: 2F 2-2: Fly out, F8 (Flyball, 89XD, EV 91.2 MPH) Runner from 3rd tags up, SCORES, no throw by CF
|
|
Batting: RHB Kevin Benfield
|
0-0: Ball 1-0: Fly out, F9 (Line Drive, 9, EV 93.8 MPH)
|
| Top of the 7th over - 2 runs, 2 hits, 1 error, 2 left on base; Bowling Green 13 - Clinton 1 |
| BOTTOM OF THE 7TH |
|
Clinton LumberKings batting - Pitching for Bowling Green Hot Rods : RHP Eric Smith
|
|
Batting: LHB Jason Hopkins
|
0-0: Ball 1-0: Fly out, F3 (Line Drive, 3, EV 69.4 MPH)
|
|
Batting: RHB Josh Ruhl
|
0-0: Ball 1-0: Called Strike 1-1: Ball 2-1: Called Strike 2-2: Ball 3-2: Base on Balls
|
|
Batting: LHB Jawad Fahad
|
0-0: Foul Ball, location: 2F 0-1: 2-RUN HOME RUN (Line Drive, 78XD, EV 113.1 MPH), Distance : 460 ft
|
|
Batting: LHB William Warren
|
0-0: Called Strike 0-1: DOUBLE (Flyball, 8RXD, EV 100.0 MPH)
|
|
Pitching: LHP Chris Polite
|
|
|
Batting: RHB Josh Mauer
|
0-0: Ball 1-0: Fly out, F7 (Line Drive, 7, EV 105.6 MPH)
|
|
Pinch Hitting: RHB Salvador Avina
|
0-0: Called Strike 0-1: Swinging Strike 0-2: Ball 1-2: Ball 2-2: Ball 3-2: Foul Ball, location: 2F 3-2: Foul Ball, location: 2F 3-2: Strikes out swinging
|
| Bottom of the 7th over - 2 runs, 2 hits, 0 errors, 1 left on base; Bowling Green 13 - Clinton 3 |
| TOP OF THE 8TH |
|
Bowling Green Hot Rods batting - Pitching for Clinton LumberKings : LHP Justin Neikirk
|
|
Now at 2B: Salvador Avina
|
|
|
Now at SS: Rick Ellis
|
|
|
Batting: RHB Eric Waugaman
|
0-0: Fly out, F6 (Popup, 6MS, EV 71.9 MPH)
|
|
Batting: RHB Jonathan Fraire
|
0-0: DOUBLE (Line Drive, 3D, EV 98.8 MPH)
|
|
Batting: LHB Jake Rheaume
|
0-0: Foul Ball, location: 2F 0-1: Called Strike 0-2: Ball 1-2: Ball 2-2: Ball 3-2: Foul Ball, location: 2F 3-2: Foul Ball, location: 2F 3-2: Foul Ball, location: 2F 3-2: Foul Ball, location: 2F 3-2: Foul Ball, location: 2F 3-2: Base on Balls
|
|
Batting: RHB Adam Kaeser
|
0-0: Ball 1-0: Ball Wild Pitch! Jonathan Fraire to third Jake Rheaume to second 2-0: Foul Ball, location: 2F 2-1: Fly out, F8 (Flyball, 89S, EV 94.4 MPH)
|
|
Batting: LHB Mario Ocana
|
0-0: Ball 1-0: Ball 2-0: Called Strike 2-1: Foul Ball, location: 2F 2-2: Ground out 1-3 (Groundball, 15S, EV 67.5 MPH)
|
| Top of the 8th over - 0 runs, 1 hit, 0 errors, 2 left on base; Bowling Green 13 - Clinton 3 |
| BOTTOM OF THE 8TH |
|
Clinton LumberKings batting - Pitching for Bowling Green Hot Rods : LHP Chris Polite
|
|
Batting: LHB Leão Alvide
|
0-0: Ball 1-0: Ball 2-0: Foul Ball, location: 2F 2-1: Foul Ball, location: 2F 2-2: Strikes out swinging
|
|
Batting: RHB Rick Ellis
|
0-0: Foul Ball, location: 2F 0-1: Ball 1-1: Ball 2-1: Swinging Strike 2-2: Fly out, F7 (Flyball, 8LM, EV 83.1 MPH)
|
|
Batting: SHB Jose Castillo
|
0-0: Called Strike 0-1: Ground out 1-3 (Groundball, 34S, EV 67.5 MPH)
|
| Bottom of the 8th over - 0 runs, 0 hits, 0 errors, 0 left on base; Bowling Green 13 - Clinton 3 |
| TOP OF THE 9TH |
|
Bowling Green Hot Rods batting - Pitching for Clinton LumberKings : LHP Justin Neikirk
|
|
Batting: RHB David Ward
|
0-0: Ball 1-0: Ball 2-0: Swinging Strike 2-1: Called Strike 2-2: Ball 3-2: Strikes out swinging
|
|
Pitching: RHP Adam Fair
|
|
|
Batting: LHB Jimmy Detrie
|
0-0: Ball 1-0: Ground out 5-3 (Groundball, 56S, EV 81.2 MPH)
|
|
Batting: RHB Steve Byerly
|
0-0: Ball 1-0: Ball 2-0: Ball 3-0: Called Strike 3-1: Base on Balls
|
|
Batting: RHB Kevin Benfield
|
0-0: Called Strike 0-1: Swinging Strike 0-2: Strikes out swinging
|
| Top of the 9th over - 0 runs, 0 hits, 0 errors, 1 left on base; Bowling Green 13 - Clinton 3 |
| BOTTOM OF THE 9TH |
|
Clinton LumberKings batting - Pitching for Bowling Green Hot Rods : LHP Chris Polite
|
|
Batting: LHB Jason Hopkins
|
0-0: Ball 1-0: Ball 2-0: Fly out, F8 (Flyball, 8RD, EV 97.5 MPH)
|
|
Batting: RHB Josh Ruhl
|
0-0: Swinging Strike 0-1: Ball 1-1: Ball 2-1: Called Strike 2-2: Strikes out swinging
|
|
Batting: LHB Jawad Fahad
|
0-0: Ball 1-0: Fly out, F7 (Flyball, 7, EV 85.0 MPH)
|
| Bottom of the 9th over - 0 runs, 0 hits, 0 errors, 0 left on base; Bowling Green 13 - Clinton 3 |
|